DBL
CHICAGO CUBS @ KANSAS CITY ROYALS
07/06/1997
 
TOP OF THE 1ST
Chicago Cubs batting - Pitching for Kansas City Royals : LHP Rheal Cormier
Pitching: LHP Rheal Cormier
Batting: RHB Craig Shipley 0-0: Ball
1-0: Ball
2-0: Foul Ball, location: 2F
2-1: Ball
3-1: DOUBLE (Flyball, 78D, EV 95.6 MPH)
Batting: RHB Derek Bell 0-0: Called Strike
0-1: Foul Ball, location: 2F
0-2: Ball
1-2: Foul Ball, location: 2F
1-2: Ball
2-2: Foul Ball, location: 2F
2-2: Strikes out looking
Batting: LHB Trot Nixon 0-0: Called Strike
0-1: Ball
1-1: Swinging Strike
1-2: Strikes out swinging
Batting: RHB Mike Piazza 0-0: Ball
1-0: Fly out, F8 (Flyball, 8LM, EV 89.4 MPH)
Top of the 1st over - 0 runs, 1 hit, 0 errors, 1 left on base; Chicago 0 - Kansas City 0
BOTTOM OF THE 1ST
Kansas City Royals batting - Pitching for Chicago Cubs : RHP Brian Holman
Pitching: RHP Brian Holman
Batting: SHB Quilvio Veras 0-0: Bunt missed!
0-1: Ball
1-1: Ball
2-1: Ball
3-1: Fly out, F8 (Flyball, 8LM, EV 91.3 MPH)
Batting: SHB Roberto Alomar 0-0: Called Strike
0-1: Swinging Strike
0-2: Ball
1-2: Ball
2-2: Fly out, F7 (Line Drive, 7D, EV 100.6 MPH)
Batting: LHB Jim Thome 0-0: Ball
1-0: Ball
2-0: Called Strike
2-1: Foul Ball, location: 2F
2-2: Ball
3-2: Fly out, F7 (Flyball, 78D, EV 102.5 MPH)
Bottom of the 1st over - 0 runs, 0 hits, 0 errors, 0 left on base; Chicago 0 - Kansas City 0
TOP OF THE 2ND
Chicago Cubs batting - Pitching for Kansas City Royals : LHP Rheal Cormier
Batting: LHB Scott Cooper 0-0: SINGLE (Groundball, 4MD, EV 93.8 MPH)
Batting: RHB Carmelo Martinez 0-0: Called Strike
0-1: Fly out, F9 (Flyball, 9D, EV 106.9 MPH)
Batting: RHB Jeff Cirillo 0-0: Called Strike
0-1: Foul Ball, location: 2F
0-2: Ball
1-2: SINGLE (Line Drive, 56D, EV 105.0 MPH)
Scott Cooper to second
Batting: RHB Chris Hoiles 0-0: Fly out, F8 (Flyball, 8LS, EV 70.6 MPH)
Batting: RHB Bob Brower 0-0: Called Strike
0-1: Foul Ball, location: 2F
0-2: Ball
1-2: Ball
2-2: Foul Ball, location: 2F
2-2: Ball
3-2: Fly out, F8 (Flyball, 78D, EV 88.8 MPH)
Top of the 2nd over - 0 runs, 2 hits, 0 errors, 2 left on base; Chicago 0 - Kansas City 0
BOTTOM OF THE 2ND
Kansas City Royals batting - Pitching for Chicago Cubs : RHP Brian Holman
Batting: LHB Jeromy Burnitz 0-0: Called Strike
0-1: Called Strike
0-2: Ball
1-2: Strikes out swinging
Batting: LHB Ray Lankford 0-0: Foul Ball, location: 2F
0-1: Ball
1-1: Ball
2-1: SINGLE (Groundball, 4MD, EV 101.3 MPH)
Batting: RHB Richard Hidalgo 0-0: Ball
1-0: Swinging Strike
1-1: Fly out, F8 (Flyball, 8RD, EV 87.5 MPH)
Batting: LHB Rick Wilkins 0-0: Ball
Wild Pitch!
Ray Lankford to second
1-0: 2-RUN HOME RUN (Flyball, 9D, EV 101.3 MPH), Distance : 372 ft
Batting: RHB Barry Larkin 0-0: Fly out, F3 (Popup, 23F, EV 80.6 MPH)
Bottom of the 2nd over - 2 runs, 2 hits, 0 errors, 0 left on base; Chicago 0 - Kansas City 2
TOP OF THE 3RD
Chicago Cubs batting - Pitching for Kansas City Royals : LHP Rheal Cormier
Batting: RHB Craig Shipley 0-0: Ball
1-0: Called Strike
1-1: Called Strike
1-2: Ball
2-2: Fly out, F7 (Line Drive, 7D, EV 96.9 MPH)
Batting: RHB Derek Bell 0-0: Ball
1-0: Ball
2-0: Foul Ball, location: 2F
2-1: Ball
3-1: SINGLE (Groundball, 25, EV 70.6 MPH) (infield hit)
Batting: LHB Trot Nixon 0-0: Foul Ball, location: 2F
0-1: Ball
1-1: Ball
2-1: Called Strike
Derek Bell steals 2nd base
2-2: Fly out, F5 (Popup, 56S, EV 88.1 MPH)
Batting: RHB Mike Piazza 0-0: Ball
1-0: Foul Ball, location: 2F
1-1: Ball
2-1: Called Strike
2-2: Fly out, F3 (Popup, 23F, EV 85.0 MPH)
Top of the 3rd over - 0 runs, 1 hit, 0 errors, 1 left on base; Chicago 0 - Kansas City 2
BOTTOM OF THE 3RD
Kansas City Royals batting - Pitching for Chicago Cubs : RHP Brian Holman
Batting: RHB Andruw Jones 0-0: Ground out 5-3 (Groundball, 5L, EV 86.9 MPH)
Batting: SHB Quilvio Veras 0-0: Ball
1-0: Foul Ball, location: 2F
1-1: Ball
2-1: Ground out 6-3 (Groundball, 6, EV 100.6 MPH)
Batting: SHB Roberto Alomar 0-0: Ball
1-0: Foul Ball, location: 2F
1-1: Fly out, F7 (Flyball, 78M, EV 88.8 MPH)
Bottom of the 3rd over - 0 runs, 0 hits, 0 errors, 0 left on base; Chicago 0 - Kansas City 2
TOP OF THE 4TH
Chicago Cubs batting - Pitching for Kansas City Royals : LHP Rheal Cormier
Batting: LHB Scott Cooper 0-0: Ground out 6-3 (Groundball, 6MD, EV 103.1 MPH)
Batting: RHB Carmelo Martinez 0-0: Called Strike
0-1: Foul Ball, location: 2F
0-2: Ground out 5-3 (Groundball, 56, EV 93.8 MPH)
Batting: RHB Jeff Cirillo 0-0: Foul Ball, location: 2F
0-1: SINGLE (Line Drive, 34D, EV 94.4 MPH)
Batting: RHB Chris Hoiles 0-0: Ball
1-0: Called Strike
1-1: Ball
2-1: Foul Ball, location: 2F
2-2: Strikes out swinging
Top of the 4th over - 0 runs, 1 hit, 0 errors, 1 left on base; Chicago 0 - Kansas City 2
BOTTOM OF THE 4TH
Kansas City Royals batting - Pitching for Chicago Cubs : RHP Brian Holman
Batting: LHB Jim Thome 0-0: Ball
1-0: Ball
2-0: Ball
3-0: Called Strike
3-1: Swinging Strike
3-2: Foul Ball, location: 2F
3-2: Strikes out swinging
Batting: LHB Jeromy Burnitz 0-0: Ball
1-0: Foul Ball, location: 2F
1-1: Swinging Strike
1-2: Strikes out swinging
Batting: LHB Ray Lankford 0-0: Called Strike
0-1: Ball
1-1: Ground out 4-3 (Groundball, 4, EV 90.0 MPH)
Bottom of the 4th over - 0 runs, 0 hits, 0 errors, 0 left on base; Chicago 0 - Kansas City 2
TOP OF THE 5TH
Chicago Cubs batting - Pitching for Kansas City Royals : LHP Rheal Cormier
Batting: RHB Bob Brower 0-0: Called Strike
0-1: Ball
1-1: Foul Ball, location: 2F
1-2: Strikes out swinging
Batting: RHB Craig Shipley 0-0: Ball
1-0: Foul Ball, location: 2F
1-1: DOUBLE (Line Drive, 89D, EV 102.5 MPH)
Batting: RHB Derek Bell 0-0: Ball
1-0: Ball
2-0: Fly out, F8 (Line Drive, 8LD, EV 91.3 MPH)
Batting: LHB Trot Nixon 0-0: DOUBLE (Groundball, 5L, EV 104.4 MPH)
Craig Shipley scores
Batting: RHB Mike Piazza 0-0: Foul Ball, location: 2F
0-1: Ball
1-1: Ground out 6-3 (Groundball, 6, EV 86.3 MPH)
Top of the 5th over - 1 run, 2 hits, 0 errors, 1 left on base; Chicago 1 - Kansas City 2
BOTTOM OF THE 5TH
Kansas City Royals batting - Pitching for Chicago Cubs : RHP Brian Holman
Batting: RHB Richard Hidalgo 0-0: Ball
1-0: Ball
2-0: Ball
3-0: Called Strike
3-1: Base on Balls
Batting: LHB Rick Wilkins 0-0: Ball
1-0: Bunt missed!
1-1: Sac Bunt to 2R - play at first, batter OUT! 2-4
Richard Hidalgo to second
Batting: RHB Barry Larkin 0-0: Ball
1-0: Ball
2-0: Fly out, F7 (Line Drive, 7, EV 96.3 MPH)
Batting: RHB Andruw Jones 0-0: Foul Ball, location: 2F
0-1: Foul Ball, location: 2F
0-2: DOUBLE (Line Drive, 9LS, EV 92.5 MPH)
Richard Hidalgo scores
Batting: SHB Quilvio Veras 0-0: Called Strike
0-1: Ball
1-1: Fly out, F5 (Popup, 5F, EV 78.8 MPH)
Bottom of the 5th over - 1 run, 1 hit, 0 errors, 1 left on base; Chicago 1 - Kansas City 3
TOP OF THE 6TH
Chicago Cubs batting - Pitching for Kansas City Royals : LHP Rheal Cormier
Batting: LHB Scott Cooper 0-0: Ball
1-0: Foul Ball, location: 2F
1-1: Ball
2-1: Ground out U3 (Groundball, 3, EV 86.3 MPH)
Batting: RHB Carmelo Martinez 0-0: Called Strike
0-1: Swinging Strike
0-2: Ball
1-2: Ball
2-2: DOUBLE (Line Drive, 9LS, EV 90.6 MPH)
Batting: RHB Jeff Cirillo 0-0: Called Strike
0-1: Ball
1-1: SINGLE (Groundball, 4D, EV 108.1 MPH)
Carmelo Martinez to third
Runner from 3rd tries for Home, SAFE, no throw by CF
Batting: RHB Chris Hoiles 0-0: Called Strike
0-1: Swinging Strike
0-2: Strikes out swinging
Batting: RHB Bob Brower 0-0: Called Strike
0-1: Called Strike
0-2: Strikes out looking
Top of the 6th over - 1 run, 2 hits, 0 errors, 1 left on base; Chicago 2 - Kansas City 3
BOTTOM OF THE 6TH
Kansas City Royals batting - Pitching for Chicago Cubs : RHP Brian Holman
Batting: SHB Roberto Alomar 0-0: Fly out, F9 (Flyball, 89S, EV 89.4 MPH)
Batting: LHB Jim Thome 0-0: Ball
1-0: Ball
2-0: Called Strike
2-1: Swinging Strike
2-2: Ball
3-2: Foul Ball, location: 2F
3-2: Foul Ball, location: 2F
3-2: Base on Balls
Batting: LHB Jeromy Burnitz 0-0: Ball
Wild Pitch!
Jim Thome to second
1-0: Swinging Strike
1-1: Ball
2-1: Ball
3-1: Base on Balls
Batting: LHB Ray Lankford 0-0: Ball
1-0: Fly out, F8 (Flyball, 78M, EV 92.5 MPH)
Batting: RHB Richard Hidalgo 0-0: Called Strike
0-1: Ball
1-1: Ball
2-1: Swinging Strike
2-2: Foul Ball, location: 2F
2-2: Fly out, F7 (Flyball, 7LM, EV 101.3 MPH)
Bottom of the 6th over - 0 runs, 0 hits, 0 errors, 2 left on base; Chicago 2 - Kansas City 3
TOP OF THE 7TH
Chicago Cubs batting - Pitching for Kansas City Royals : LHP Rheal Cormier
Batting: RHB Craig Shipley 0-0: Ground out 6-3 (Groundball, 6, EV 88.1 MPH)
Batting: RHB Derek Bell 0-0: Ball
1-0: Fly out, F7 (Flyball, 7S, EV 90.6 MPH)
Batting: LHB Trot Nixon 0-0: Called Strike
0-1: Ball
1-1: SINGLE (Groundball, 34D, EV 95.6 MPH)
Batting: RHB Mike Piazza 0-0: Called Strike
0-1: Ball
1-1: Swinging Strike
1-2: DOUBLE (Flyball, 8LXD, EV 93.1 MPH)
Trot Nixon to third
Runner from 3rd tries for Home, SAFE, no throw by CF
Batting: LHB Scott Cooper 0-0: Ball
1-0: Ball
2-0: Ball
3-0: Base on Balls
Batting: RHB Carmelo Martinez 0-0: Ball
1-0: Ball
2-0: Foul Ball, location: 2F
2-1: Ball
3-1: Base on Balls
Mike Piazza to third
Scott Cooper to second
Batting: RHB Jeff Cirillo 0-0: Ball
1-0: Ball
2-0: Ground out 5-3 (Groundball, 56S, EV 84.4 MPH)
Top of the 7th over - 1 run, 2 hits, 0 errors, 3 left on base; Chicago 3 - Kansas City 3
BOTTOM OF THE 7TH
Kansas City Royals batting - Pitching for Chicago Cubs : RHP Brian Holman
Batting: LHB Rick Wilkins 0-0: Swinging Strike
0-1: Ball
1-1: Ball
2-1: Ball
3-1: Foul Ball, location: 2F
3-2: Foul Ball, location: 2F
3-2: Fly out, F8 (Line Drive, 8LM, EV 93.1 MPH)
Batting: RHB Barry Larkin 0-0: Ball
1-0: Swinging Strike
1-1: Called Strike
1-2: Ball
2-2: Foul Ball, location: 2F
2-2: Ball
3-2: Foul Ball, location: 2F
3-2: Ground out 5-3 (Groundball, 5L, EV 105.6 MPH)
Batting: RHB Andruw Jones 0-0: Called Strike
0-1: Foul Ball, location: 2F
0-2: Reached on error, E5 (Groundball, 56S, EV 69.4 MPH)
Batting: SHB Quilvio Veras 0-0: Ball
1-0: Called Strike
1-1: Foul Ball, location: 2F
1-2: Ball
2-2: Fly out, F7 (Line Drive, 7D, EV 89.4 MPH)
Bottom of the 7th over - 0 runs, 0 hits, 1 error, 1 left on base; Chicago 3 - Kansas City 3
TOP OF THE 8TH
Chicago Cubs batting - Pitching for Kansas City Royals : LHP Rheal Cormier
Batting: RHB Chris Hoiles 0-0: Called Strike
0-1: Foul Ball, location: 2F
0-2: Foul Ball, location: 2F
0-2: Ball
1-2: Foul Ball, location: 2F
1-2: Strikes out swinging
Batting: RHB Bob Brower 0-0: Ball
1-0: Ball
2-0: Called Strike
2-1: Foul Ball, location: 2F
2-2: Foul Ball, location: 2F
2-2: Ball
3-2: Base on Balls
Pitching: RHP Rod Beck
Batting: RHB Craig Shipley 0-0: Ball
1-0: Ball
2-0: Bunt missed!
2-1: Bunt missed!
2-2: Foul Ball, location: 2F
2-2: Strikes out swinging
Batting: RHB Derek Bell 0-0: Called Strike
0-1: Fly out, F7 (Flyball, 7D, EV 103.1 MPH)
Top of the 8th over - 0 runs, 0 hits, 0 errors, 1 left on base; Chicago 3 - Kansas City 3
BOTTOM OF THE 8TH
Kansas City Royals batting - Pitching for Chicago Cubs : RHP Brian Holman
Batting: SHB Roberto Alomar 0-0: Fly out, F2 (Popup, 25F, EV 87.5 MPH)
Batting: LHB Jim Thome 0-0: Called Strike
0-1: Ball
1-1: Swinging Strike
1-2: Ground out 6-3 (Groundball, 56, EV 102.5 MPH)
Batting: LHB Jeromy Burnitz 0-0: Foul Ball, location: 2F
0-1: Ball
1-1: Ball
2-1: Foul Ball, location: 2F
2-2: Foul Ball, location: 2F
2-2: Ball
3-2: Ground out 6-3 (Groundball, 6, EV 86.3 MPH)
Bottom of the 8th over - 0 runs, 0 hits, 0 errors, 0 left on base; Chicago 3 - Kansas City 3
TOP OF THE 9TH
Chicago Cubs batting - Pitching for Kansas City Royals : RHP Rod Beck
Pitching: RHP Armando Benitez
Batting: LHB Trot Nixon 0-0: Called Strike
0-1: Foul Ball, location: 2F
0-2: Strikes out swinging
Batting: RHB Mike Piazza 0-0: Swinging Strike
0-1: Foul Ball, location: 2F
0-2: Ball
1-2: Strikes out swinging
Batting: LHB Scott Cooper 0-0: Ball
1-0: Ball
2-0: SINGLE (Groundball, 34D, EV 94.4 MPH)
Batting: RHB Carmelo Martinez 0-0: Foul Ball, location: 2F
0-1: Swinging Strike
0-2: Strikes out swinging
Top of the 9th over - 0 runs, 1 hit, 0 errors, 1 left on base; Chicago 3 - Kansas City 3
BOTTOM OF THE 9TH
Kansas City Royals batting - Pitching for Chicago Cubs : RHP Brian Holman
Batting: LHB Ray Lankford 0-0: Ball
1-0: Ball
2-0: Ball
3-0: Called Strike
3-1: SINGLE (Groundball, 4, EV 82.5 MPH) (infield hit)
Pitching: RHP Mike Schooler
Batting: RHB Richard Hidalgo 0-0: Ball
1-0: Foul Ball, location: 2F
1-1: Ball
2-1: Fielders Choice at 2nd, 6-4 (Groundball, 6, EV 96.3 MPH)
Batting: LHB Rick Wilkins 0-0: Ball
1-0: Ball
2-0: Bunted foul
2-1: Sac Bunt to 25 - play at first, batter OUT! 5-4
Richard Hidalgo to second
Batting: RHB Barry Larkin 0-0: Foul Ball, location: 2F
0-1: Ground out 6-3 (Groundball, 6, EV 101.9 MPH)
Bottom of the 9th over - 0 runs, 1 hit, 0 errors, 1 left on base; Chicago 3 - Kansas City 3
TOP OF THE 10TH
Chicago Cubs batting - Pitching for Kansas City Royals : RHP Armando Benitez
Batting: RHB Jeff Cirillo 0-0: Ball
1-0: Ball
2-0: Ball
3-0: Foul Ball, location: 2F
3-1: Base on Balls
Batting: RHB Chris Hoiles 0-0: Bunted foul
0-1: Bunt missed!
0-2: Ball
1-2: Ball
2-2: Foul Ball, location: 2F
2-2: Strikes out swinging
Pitching: RHP John Habyan
Batting: RHB Bob Brower 0-0: Sac Bunt to 13 - play at first, batter OUT! 1-4
Jeff Cirillo to second
Batting: RHB Craig Shipley 0-0: Called Strike
0-1: Ball
1-1: Fly out, F7 (Line Drive, 7, EV 90.6 MPH)
Top of the 10th over - 0 runs, 0 hits, 0 errors, 1 left on base; Chicago 3 - Kansas City 3
BOTTOM OF THE 10TH
Kansas City Royals batting - Pitching for Chicago Cubs : RHP Mike Schooler
Batting: RHB Andruw Jones 0-0: Foul Ball, location: 2F
0-1: Called Strike
0-2: Ball
1-2: Ball
2-2: Ball
3-2: Fly out, F3 (Popup, 3SF, EV 88.1 MPH)
Batting: SHB Quilvio Veras 0-0: Called Strike
0-1: Ball
1-1: Ball
2-1: Foul Ball, location: 2F
2-2: Fly out, F6 (Popup, 6D, EV 56.9 MPH)
Batting: SHB Roberto Alomar 0-0: Ball
1-0: SINGLE (Flyball, 89M, EV 85.6 MPH)
Batting: LHB Jim Thome 0-0: Ball
1-0: Ball
2-0: Ball
3-0: Called Strike
3-1: Base on Balls
Roberto Alomar to second
Batting: LHB Jeromy Burnitz 0-0: Ball
1-0: Ground out 1-3 (Groundball, 15S, EV 70.0 MPH)
Bottom of the 10th over - 0 runs, 1 hit, 0 errors, 2 left on base; Chicago 3 - Kansas City 3
TOP OF THE 11TH
Chicago Cubs batting - Pitching for Kansas City Royals : RHP John Habyan
Batting: RHB Derek Bell 0-0: SINGLE (Line Drive, 8LS, EV 90.6 MPH)
Batting: LHB Trot Nixon 0-0: DOUBLE (Flyball, 78XD, EV 95.6 MPH)
Derek Bell to third
Batting: RHB Mike Piazza 0-0: Intentional Walk
Batting: LHB Scott Cooper 0-0: Called Strike
0-1: Called Strike
0-2: Foul Ball, location: 2F
0-2: Ball
Wild Pitch!
Derek Bell scores
Trot Nixon to third
Mike Piazza to second
1-2: Ball
2-2: Foul Ball, location: 2F
2-2: SINGLE (Groundball, 6, EV 91.9 MPH) (infield hit)
Trot Nixon scores
Mike Piazza to third
Batting: RHB Carmelo Martinez 0-0: Ball
1-0: Called Strike
1-1: SINGLE (Groundball, 34D, EV 96.3 MPH)
Mike Piazza scores
Scott Cooper to second
Runner from 2nd tries for 3rd, SAFE, throw by RF made to third
Batting: RHB Jeff Cirillo 0-0: Swinging Strike
0-1: Swinging Strike
0-2: Foul Ball, location: 2F
0-2: Ball
1-2: Strikes out looking
Batting: RHB Chris Hoiles 0-0: Ball
1-0: Called Strike
1-1: Foul Ball, location: 2F
1-2: Ball
2-2: Grounds into double play, 5-4-3 (Groundball, 5, EV 96.9 MPH)
Top of the 11th over - 3 runs, 4 hits, 0 errors, 1 left on base; Chicago 6 - Kansas City 3
BOTTOM OF THE 11TH
Kansas City Royals batting - Pitching for Chicago Cubs : RHP Mike Schooler
Batting: LHB Ray Lankford 0-0: Ball
1-0: Bunt missed!
1-1: Ball
2-1: Ball
3-1: Base on Balls
Pitching: RHP Alberto Reyes
Batting: RHB Richard Hidalgo 0-0: Foul Ball, location: 2F
0-1: Foul Ball, location: 2F
0-2: 2-RUN HOME RUN (Flyball, 7D, EV 104.4 MPH), Distance : 373 ft
Batting: LHB Rick Wilkins 0-0: Swinging Strike
0-1: Fly out, F8 (Flyball, 8RS, EV 94.4 MPH)
Batting: RHB Barry Larkin 0-0: Called Strike
0-1: Ball
1-1: Ball
2-1: Fly out, F3 (Popup, 3SF, EV 90.0 MPH)
Batting: RHB Andruw Jones 0-0: Called Strike
0-1: Ball
1-1: Swinging Strike
1-2: Ground out 6-3 (Groundball, 6, EV 78.8 MPH)
Bottom of the 11th over - 2 runs, 1 hit, 0 errors, 0 left on base; Chicago 6 - Kansas City 5
Thursday, March 5th, 2026 - OOTP Baseball 20.8 Build 74